 Dungeon Crawl Stone Soup version 0.29.0-13-gc9e81de378 (webtiles) character file.

Game seed: 8895691408976944893

137 Anothat the Vexing (level 5, -2/39 HPs)
             Began as a Formicid Arcane Marksman on Sept 9, 2022.
             Slain by Terence
             ... wielding a +0 hand axe
              (6 damage)
             ... on level 2 of the Dungeon.
             The game lasted 00:03:09 (1952 turns).

Anothat the Vexing (Formicid Arcane Marksman)       Turns: 1952, Time: 00:03:09

Health: -2/39      AC:  2    Str: 12 (15) XL:     5   Next: 44%
Magic:  8/8        EV: 12    Int:  9 (12) God:
Gold:   90         SH:  0    Dex: 13 (16) Spells: 8/9 levels left

rFire   . . .      SeeInvis +   a - +1 sling
rCold   . . .      Faith    .   (no shield)
rNeg    . . .      Spirit   .   c - +0 robe
rPois   .          Reflect  .   (helmet unavailable)
rElec   .          Harm     .   (no cloak)
rCorr   +          Rampage  .   (no gloves)
Will    .....                   (no boots)
Stlth   +.........              (no amulet)
HPRegen 0.13/turn               d - ring of resist corrosion
MPRegen 0.11/turn               (no ring)

@: attractive, flying
A: permanent stasis, dig shafts and tunnels, antennae 3, four strong arms
a: Dig, Shaft Self


You were on level 2 of the Dungeon.
You visited 1 branch of the dungeon, and saw 2 of its levels.

You collected 90 gold pieces.

Inventory:

Hand Weapons
 a - a +1 sling (weapon)
Missiles
 m - 6 boomerangs
Armour
 c - a +0 robe (worn)
 p - the +3 plate armour of Yseu {rC+}
   (You found it on level 2 of the Dungeon)

   rC:        It protects you from cold.
Jewellery
 d - a ring of resist corrosion (left hand)
 k - a ring of ice
Scrolls
 b - a scroll of poison
 e - a scroll of teleportation {unknown}
 i - 2 scrolls of identify {unknown}
 n - a scroll of blinking {unknown}
Potions
 f - a potion of invisibility {unknown}
 g - a potion of attraction
 h - a potion of curing


   Skills:
 + Level 2.7 Fighting
 + Level 3.1 Ranged Weapons
 + Level 2.7 Dodging
 + Level 2.5 Spellcasting
 - Level 3.6 Hexes


You had 8 spell levels left.
You knew the following spells:

 Your Spells              Type           Power      Damage    Failure   Level
a - Slow                  Hex            28%        N/A       7%          1

Your spell library contained the following spells:

 Spells                   Type           Power      Damage    Failure   Level
 Inner Flame              Hex/Fire       4%         N/A       41%         3
 Portal Projectile        Hex/Tloc       8%         N/A       41%         3
 Cause Fear               Hex            3%         N/A       56%         4


Dungeon Overview and Level Annotations

Branches:
Dungeon (2/15)

Altars:

Annotations:
D:2 Terence


Innate Abilities, Weirdness & Mutations

You cannot be hasted, slowed, berserked, paralysed or teleported.
You can dig through walls and to a lower floor.
You have a pair of large antennae on your head. (SInv)
Your four strong arms can wield two-handed weapons with a shield.


Message History

Aim: Natasha, carrying a wand of flame (17) (severely wounded, 53% to hit)
You shoot a sling bullet. The sling bullet hits Natasha.
You kill Natasha!
You feel Natasha's spirit has finally been put to rest.
The white imp disappears in a puff of smoke!
Fire/throw/use which item? ([*] to toss any item) (? for menu, Esc to quit)
Fire/throw/use which item? ([*] to toss any item) (? for menu, Esc to quit)
Okay, then.
Casting: Slow (safe; 6% risk of failure)
Confirm with . or Enter, or press ? or * to list all spells.
Aiming: Slow (safe; 6% risk of failure)
Press: ? - help, Shift-Dir - straight line, f - Terence
Aim: Terence, wielding a +0 hand axe and wearing a +0 ring mail (heavily wounded, chance to affect: 57%) Terence resists with significant effort.
Terence hits you with a +0 hand axe.
* * * LOW HITPOINT WARNING * * *
You aren't carrying any items that you can evoke.
Terence attacks as you move away! Terence hits you with a +0 hand axe.
* * * LOW HITPOINT WARNING * * *
You aren't carrying any items that you can evoke.
Fire: a) +1 sling
Press: ? - help, Shift-Dir - straight line, f/p - Terence
Aim: Terence, wielding a +0 hand axe and wearing a +0 ring mail (heavily wounded, 64% to hit)
You shoot a sling bullet. The sling bullet barely misses Terence.
Terence hits you with a +0 hand axe.
* * * LOW HITPOINT WARNING * * *
Okay, then.
It was a potion of haste.
Your stasis prevents you from being hasted.
Terence hits you with a +0 hand axe.
* * * LOW HITPOINT WARNING * * *
Okay, then.
It was a potion of flight.
You feel very buoyant.
You fly up into the air.
Terence hits you but does no damage.
It was a potion of degeneration.
There was something very wrong with that liquid.
You feel weakened.
You feel dopey.
You feel clumsy. Terence hits you with a +0 hand axe.
You die...

####### #.# #.5.# #.....# #.#
########h..# #.....##
#.####...........
#......###/##.............
#......##..##.#...........
#......##.###.######.#...#
##........# #........#...# .
###.###.#.@# #.#####....... ..
..#.###.#.@# #.#####....... #.
#.#.##.....# #.##..........
.#..###.#.#.#.#.####.##.##.#.....
......#.#..###.............#.....
#....>## ##.###.###.)#.######
###.##.###.####.##......###.#
........###.#.## #.......#.......
######### ##.## #..##...######.#
### #.............##


You could see Terence.

Vanquished Creatures
  Jessica (D:2)
  Natasha (thrice) (D:2)
  An adder (D:2)
  A worm (D:2)
  2 dart slugs (D:1)
  3 bats
  2 endoplasms
  2 giant cockroaches
  A goblin (D:1)
  3 hobgoblins
  2 quokkas (D:1)
  A ball python (D:1)
  3 rats
25 creatures vanquished.

Notes
Turn   | Place    | Note
-------+----------+-------------------------------------------
     0 | D:1      | Anothat the Formicid Arcane Marksman began the quest for
                  | the Orb.
     0 | D:1      | Reached XP level 1. HP: 15/15 MP: 2/2
   319 | D:1      | Reached XP level 2. HP: 18/21 MP: 4/4
   709 | D:1      | Found a faded altar of an unknown god.
   913 | D:2      | Reached XP level 3. HP: 27/27 MP: 5/5
   948 | D:2      | Noticed Jessica
   952 | D:2      | Killed Jessica
   953 | D:2      | Reached XP level 4. HP: 25/33 MP: 6/6
  1311 | D:2      | Identified the +3 plate armour of Yseu {rC+}
  1415 | D:2      | Noticed Natasha
  1425 | D:2      | Killed Natasha
  1570 | D:2      | Noticed Natasha
  1577 | D:2      | Killed Natasha
  1578 | D:2      | Reached XP level 5. HP: 6/39 MP: 6/8
  1865 | D:2      | Noticed Terence
  1882 | D:2      | Noticed Natasha
  1943 | D:2      | Killed Natasha
  1952 | D:2      | Slain by Terence

Illustrated notes

Levels and vault maps discovered:
D:1:      lemuel_arrival_room, layout_basic,
          hellmonk_ecumenical_altar_inner_sanctum
D:2:      layout_loops_cross, uniq_natasha, uniq_jessica, uniq_terence

Skill      XL: |  1  2  3  4 |
---------------+-------------+-----
Dodging        | 2 |  2.7
Fighting       | 2 |  2.7
Spellcasting   | 2 |  2.5
Ranged Weapons | 3 |  3.1
Hexes          | |  3.6

Action                   |  1- 3 |  4- 6 || total
-------------------------+-------+-------++-------
 Fire: Sling             |    54 |    72 ||   126
 Cast: Slow              |     1 |     5 ||     6
  Use: Potion            |       |     5 ||     5
Armor: Robe              |     6 |    16 ||    22
Dodge: Dodged            |    10 |    41 ||    51
